 Dungeon Crawl Stone Soup version 0.30.0-5-g1a98f26d00 (webtiles) character file.

Game seed: 11110662009918400208

60 Jackthecabe the Shooter (level 3, -3/26 HPs)
             Began as a Demonspawn Hexslinger on May 9, 2023.
             Slain by Natasha (5 damage)
             ... on level 3 of the Dungeon.
             The game lasted 00:03:16 (1675 turns).

Jackthecabe the Shooter (Demonspawn Hexslinger)     Turns: 1675, Time: 00:03:21

Health: -3/26      AC:  5    Str: 10    XL:     3   Next: 80%
Magic:  2/4        EV: 11    Int: 14    God:
Gold:   96         SH:  0    Dex: 15    Spells: 3/4 levels left

rFire   . . .        a - +1 sling
rCold   . . .        (no shield)
rNeg    . . .        g - +0 leather armour
rPois   .            (no helmet)
rElec   .            (no cloak)
rCorr   .            (no gloves)
SInv    .            j - +0 pair of boots
Will    .....        (no amulet)
Stlth   +            (no ring)
HPRegen 0.24/turn    (no ring)
MPRegen 0.09/turn

%: no passive effects
@: very slightly contaminated, studying Unarmed Combat
A: rugged brown scales 1
a: no special abilities


You were on level 3 of the Dungeon.
You visited 1 branch of the dungeon, and saw 3 of its levels.

You collected 96 gold pieces.


Innate Abilities, Weirdness & Mutations

You are partially covered in rugged brown scales. (AC +1, +3% HP)


   Skills:
 - Level 1.0 Fighting
 + Level 3.8 Ranged Weapons
 - Level 1.7 Dodging
 - Level 1.0 Spellcasting
 - Level 3.0 Hexes


You had 3 spell levels left.
You knew the following spells:

 Your Spells              Type           Power      Damage    Failure   Level
s - Slow                  Hex            36%        N/A       11%         1

Your spell library contained the following spells:

 Spells                   Type           Power      Damage    Failure   Level
 Ensorcelled Hibernation  Hex/Ice        8%         N/A       28%         2
 Confusing Touch          Hex            9%         N/A       30%         3
 Passwall                 Tmut/Erth      0%         N/A       47%         2
 Inner Flame              Hex/Fire       4%         N/A       50%         3
 Portal Projectile        Hex/Tloc       8%         N/A       50%         3
 Swiftness                Air            0%         N/A       71%         3
 Vampiric Draining        Necr           0%         2d6       71%         3
 Cause Fear               Hex            4%         N/A       71%         4

Inventory:

Hand Weapons
 a - a +1 sling (weapon)
Armour
 c - a +0 robe
 g - a +0 leather armour (worn)
 j - a +0 pair of boots (worn)
Scrolls
 b - a scroll of poison
 e - 3 scrolls of identify {unknown}
 k - a scroll of amnesia {unknown}
 l - a scroll of fear {unknown}
 o - 2 scrolls of enchant weapon {unknown}
 s - 2 scrolls of enchant armour {unknown}
 t - a scroll of fog {unknown}
Potions
 d - a potion of lignification {unknown}
 f - 2 potions of curing {unknown}
 h - a potion of magic {unknown}
 i - a potion of brilliance {unknown}
 m - a potion of mutation {unknown}
 n - a potion of heal wounds {unknown}
 p - a potion of resistance {unknown}
 q - a potion of flight {unknown}
 r - a potion of berserk rage {unknown}

Dungeon Overview and Level Annotations

Branches:
Dungeon (3/15)

Altars:

Annotations:
D:2 Sigmund
D:3 Natasha

# .# #. ..
###5 #.5 #h#
#@# #5# #.#
####.#
#....#
#....###.#
#........#
#....###....
###....# ##


You could see Natasha and 3 cerulean imps.


Message History

Natasha is almost dead.
The cerulean imp closely misses you. Natasha barely misses you.
The cerulean imp hits you but does no damage.
The cerulean imp barely misses you.
Fire: a) +1 sling
Press: ? - help, Shift-Dir - straight line, f/p - Natasha
Aim: Natasha (almost dead, 50% to hit)
You shoot a sling bullet.
The sling bullet completely misses Natasha.
The cerulean imp hits you with a +0 spear.
* * * LOW HITPOINT WARNING * * *
Natasha closely misses you. The cerulean imp completely misses you.
Fire: a) +1 sling
Press: ? - help, Shift-Dir - straight line, f/p - Natasha
Aim: Natasha (almost dead, 50% to hit)
You shoot a sling bullet.
The sling bullet closely misses Natasha.
The cerulean imp barely misses you.
Natasha howls an incantation.
Natasha's front paws start to glow.
Natasha claws you!
* * * LOW HITPOINT WARNING * * *
The cerulean imp hits you but does no damage.
Fire: a) +1 sling
Press: ? - help, Shift-Dir - straight line, f/p - Natasha
Aim: Natasha (almost dead, 50% to hit)
You shoot a sling bullet.
The sling bullet closely misses Natasha.
Natasha claws you.
You die...

Skill      XL: |  1  2 |
---------------+-------+-----
Ranged Weapons | 2 3 |  3.8
Fighting       | |  1.0
Dodging        | |  1.7
Spellcasting   | |  1.0
Hexes          | |  3.0

Action                     || total
---------------------------++-------
   Fire: Sling             ||   142
   Cast: Slow              ||    11
 Armour: Robe              ||     1
         Leather armour    ||    17
  Dodge: Dodged            ||    51

Levels and vault maps discovered:
D:1:      nzn_arrival_settlement, layout_basic, minmay_heptomino_o4
D:2:      layout_loops_cross, uniq_terence, uniq_sigmund
D:3:      layout_basic, uniq_natasha

Notes
Turn   | Place    | Note
-------+----------+-------------------------------------------
     0 | D:1      | Jackthecabe the Demonspawn Hexslinger began the quest for
                  | the Orb.
     0 | D:1      | Reached XP level 1. HP: 15/15 MP: 2/2
    93 | D:1      | Reached skill level 2 in Ranged Weapons
   190 | D:1      | Gained mutation: You are partially covered in rugged brown
                  | scales. (AC +1, +3% HP) [demonic ancestry]
   190 | D:1      | Reached XP level 2. HP: 15/21 MP: 0/3
   378 | D:1      | Reached skill level 3 in Ranged Weapons
   505 | D:1      | Reached XP level 3. HP: 26/26 MP: 4/4
  1182 | D:2      | Noticed Sigmund
  1659 | D:3      | Noticed Natasha
  1674 | D:3      | HP: 2/26 [Natasha (7)]
  1675 | D:3      | Slain by Natasha

Vanquished Creatures
  A gnoll (D:1)
  An adder (D:2)
  A bat (D:2)
  6 endoplasms
  4 hobgoblins (D:1)
  3 jackals (D:2)
  4 quokkas (D:1)
  3 ball pythons (D:1)
  A frilled lizard (D:2)
  5 goblins
  4 kobolds (D:1)
  5 rats
38 creatures vanquished.

Table legend: (Time is in decaauts)
 A = Elapsed time spent in this place.
 B = Non-inter-level travel time spent in this place.
 C = Inter-level travel time spent in this place.
 D = Time resting spent in this place.
 E = Time spent auto-exploring this place.
 F = Levels seen in this place.
 G = Mean time per level.
                   A        B        C        D        E       F      G
               +--------+--------+--------+--------+--------+-----+--------+
         Total |   1715 |   1638 |     77 |     68 |   1201 |   3 |  571.7 |
       Dungeon |   1715 |   1638 |     77 |     68 |   1201 |   3 |  571.7 |
               +--------+--------+--------+--------+--------+-----+--------+

Top non-repeatable levels by time:
     D:1: 1165 daAuts
     D:2: 462 daAuts
     D:3: 87 daAuts

Table legend:
 A = Non-vault XP
 B = Vault XP
 C = Vault XP percentage of total XP
 D = Non-vault monster count
 E = Vault monster count
 F = Vault count percentage of total count
                 A         B        C        D         E       F
            +---------+---------+-------+---------+---------+-------
      Total |      79 |       7 |   8.1 |      34 |       4 |  10.5
            +---------+---------+-------+---------+---------+-------
        D:1 |      50 |       7 |  12.3 |      24 |       4 |  14.3
        D:2 |      27 |       0 |   0.0 |       9 |       0 |   0.0
        D:3 |       2 |       0 |   0.0 |       1 |       0 |   0.0
            +---------+---------+-------+---------+---------+-------
